 Dungeon Crawl Stone Soup version 0.31.0-11-ge490571c62 (webtiles) character file.

Game seed: 2792937383276490639

189 EonDragon20 the Changeling (level 5, 0/37 HPs)
             Began as a Merfolk Shapeshifter on Feb 10, 2024.
             Slain by a hobgoblin
             ... wielding a +0 club
              (6 damage)
             ... on level 3 of the Dungeon.
             The game lasted 00:06:11 (2715 turns).

EonDragon20 the Changeling (Merfolk Shapeshifter)   Turns: 2715, Time: 00:06:11

Health: 0/37       AC:  0    Str: 24    XL:     5   Next: 68%
Magic:  0/0        EV: 16    Int:  9    God:
Gold:   116        SH:  0    Dex: 13    Spells: 4/4 levels left

rFire   . .          .
                       - Unarmed
rCold   . . .        (shield currently unavailable)
rNeg    . . .        a - melded +0 animal skin
rPois   .            (no helmet)
rElec   +            (no cloak)
rCorr   .            (no gloves)
SInv    .            (no boots)
Will    .....        g - amulet "Ninoroig" {Acrobat rElec MP-9 Str+9 Dex-2}
Stlth   +            (no ring)
HPRegen 0.26/turn    (no ring)
MPRegen 0.07/turn

%: acrobat
@: flux-form, glowing
A: glow, contaminating, (nimble swimmer 2), mertail
a: Begin Untransformation


You were on level 3 of the Dungeon.
You were something dangerously unstable.
You visited 1 branch of the dungeon, and saw 3 of its levels.

You collected 116 gold pieces.

Inventory:

Armour
 a - a +0 animal skin (melded)
 i - a +0 cloak
Jewellery
 g - the amulet "Ninoroig" (around neck) {Acrobat rElec MP-9 Str+9 Dex-2}
   (You acquired it on level 1 of the Dungeon)

   [amulet of the acrobat]

   Acrobat:   It increases your evasion while moving and waiting.
   Str+9:     It affects your strength (+9).
   Dex-2:     It affects your dexterity (-2).
   rElec:     It insulates you from electricity.
   MP-9:      It affects your magic capacity (-9).
Talismans
 c - a beast talisman
 d - a flux talisman (active)
Wands
 e - a wand of flame (13)
Scrolls
 h - 2 scrolls of poison
 n - a scroll of identify
 o - a scroll of blinking {unknown}
Potions
 b - a potion of lignification
 f - a potion of attraction
 j - a potion of curing {unknown}
 k - a potion of invisibility {unknown}
 l - 3 potions of might
 m - a potion of haste {unknown}


   Skills:
 * Level 1.3 Fighting
 * Level 2.9 Dodging
 * Level 3.4 Unarmed Combat
 - Level 7.4 Shapeshifting


You had 4 spell levels left.
You didn't know any spells.
Your spell library contained the following spells:

 Spells                   Type           Power      Damage    Failure   Level
 Blink                    Tloc           0%         N/A       52%         2
 Lesser Beckoning         Tloc           0%         N/A       52%         2
 Momentum Strike          Conj/Tloc      0%         3d8       52%         2


Dungeon Overview and Level Annotations

Branches:
Dungeon (3/15)

Altars:
Gozag
Nemelex Xobeh


Innate Abilities, Weirdness & Mutations

You are something dangerously unstable.
You glow with magical radiation, making you easy to see and hit.
Foes you strike become dangerously contaminated with magical radiation.
You are incapable of wielding weapons or throwing items.
((You are very nimble when in or above water. (Stealth+, EV+, Speed+++)))
Your lower body shifts to a powerful aquatic tail in water.


Message History

You barely miss the goblin. The goblin barely misses you.
You hit the goblin but do no damage.
The goblin begins to glow.
The goblin barely misses you.
You hit the goblin.
You kill the goblin!
You see here a +0 sling.
You see here a +0 club.
You see here a +0 club.
You see here a +0 sling.
You open the door.
A goblin and 3 hobgoblins come into view.
The hobgoblin shouts! x3
The hobgoblin moves out of view.
You closely miss the goblin. You hit the hobgoblin.
The hobgoblin begins to glow.
The hobgoblin is moderately wounded.
The goblin hits you with a +0 club. The hobgoblin hits you with a +0 club!
You hit the hobgoblin.
The hobgoblin glows dangerously bright.
The hobgoblin is severely wounded.
The goblin barely misses you. The hobgoblin hits you with a +0 club!
You hit the hobgoblin.
You kill the hobgoblin!
The goblin completely misses you.
You closely miss the goblin. The goblin hits you with a +0 club.
The hobgoblin closely misses you.
You hit the goblin.
The goblin begins to glow.
The goblin is moderately wounded.
The hobgoblin completely misses you. The goblin barely misses you.
You hit the goblin.
You kill the goblin!
You hit the hobgoblin.
The hobgoblin begins to glow.
The hobgoblin is almost dead.
The hobgoblin hits you with a +0 club.
* * * LOW HITPOINT WARNING * * *
The hobgoblin hits you with a +0 club.
* * * LOW HITPOINT WARNING * * *
You hit the hobgoblin but do no damage.
The hobgoblin glows dangerously bright.
The hobgoblin is severely wounded.
The hobgoblin hits you with a +0 club.
You die...

≈≈≈≈≈≈ ≈≈≈≈≈≈
################
#..............#
#..............'
#+##..............#
#......########....
#......# #...)
#gp....########...)
#g##....).).....))#
#..
#.......)......'
#..
#..............#
#..
################
###


You could see 2 hobgoblins.

Vanquished Creatures
  An orc priest (D:3)
  Ijyb (D:3)
  A gnoll (D:3)
  3 adders
  2 ribbon worms
  2 dart slugs
  3 orcs (D:3)
  5 bats
  4 endoplasms
  4 giant cockroaches
  17 goblins
  14 hobgoblins
  4 jackals (D:2)
  2 quokkas (D:1)
  7 ball pythons
  2 frilled lizards
  4 kobolds
  5 rats
81 creatures vanquished.

Notes
Turn   | Place    | Note
-------+----------+-------------------------------------------
     0 | D:1      | EonDragon20 the Merfolk Shapeshifter began the quest for
                  | the Orb.
     0 | D:1      | Reached XP level 1. HP: 15/15 MP: 1/1
    88 | D:1      | Reached XP level 2. HP: 16/21 MP: 2/2
   207 | D:1      | Reached skill level 5 in Shapeshifting
   487 | D:1      | Reached XP level 3. HP: 26/26 MP: 3/3
   916 | D:1      | Identified a scroll of acquirement
   916 | D:1      | Acquired the amulet "Ninoroig" {Acrobat rElec MP-9 Str+9
                  | Dex-2}
  1451 | D:2      | Reached skill level 6 in Shapeshifting
  1485 | D:2      | Reached XP level 4. HP: 29/32 MP: 0/4
  2006 | D:3      | Noticed Ijyb
  2016 | D:3      | Reached XP level 5. HP: 6/37 MP: 0/5
  2046 | D:3      | Killed Ijyb
  2047 | D:3      | Reached skill level 7 in Shapeshifting
  2217 | D:3      | Found an opulent altar of Gozag.
  2219 | D:3      | Found an opulent altar of Gozag.
  2219 | D:3      | Found an opulent altar of Gozag.
  2305 | D:3      | Found a sparkling altar of Nemelex Xobeh.
  2715 | D:3      | Slain by a hobgoblin

Illustrated notes

Levels and vault maps discovered:
D:1:      saegor_arrival_simple_e, layout_loops_ring
D:2:      layout_basic
D:3:      minmay_goblin_kobold_castle, layout_basic,
          mainiacjoe_overflow_six_doors_small,
          nicolae_gozag_conspicuous_consumption, st_stairs_6,
          kennysheep_big_empty_room, moated_statue, uniq_ijyb

Skill      XL: |  1  2  3  4  5 |
---------------+----------------+-----
Shapeshifting  | 5 6 7 |  7.4
Fighting       | |  1.3
Dodging        | |  2.9
Unarmed Combat | |  3.4

Action                     |  1- 3 |  4- 6 || total
---------------------------+-------+-------++-------
  Melee: Unarmed           |   113 |   112 ||   225
         Punch             |     2 |     1 ||     3
         Tailslap          |       |     3 ||     3
    Use: Scroll            |     8 |       ||     8
         Potion            |       |     2 ||     2
   Stab: Sleeping          |     4 |       ||     4
 Armour: Animal skin       |    43 |    43 ||    86
         Skin              |       |    19 ||    19
  Dodge: Dodged            |    73 |    94 ||   167
   Form: Flux              |       |     1 ||     1
